 Dungeon Crawl Stone Soup version 0.22-a0-367-gb72a975701 (webtiles) character file.

1919 Laan the Chopper (level 9, -4/56 HPs)
             Began as a Gargoyle Fighter on Apr 23, 2018.
             Slain by a two-headed ogre
             ... wielding a +0 giant club
              (17 damage)
             ... on level 5 of the Dungeon.
             The game lasted 00:10:01 (4874 turns).

Laan the Chopper (Gargoyle Fighter)                 Turns: 4874, Time: 00:10:02

Health: -4/56      AC: 20    Str: 22    XL:     9   Next: 16%
Magic:  9/9        EV:  5    Int: 10    God:
Gold:   257        SH: 10    Dex:  9    Spells: 8/8 levels left

rFire    . . .     SeeInvis .   a - +0 war axe
rCold    + . .     Gourm    .   c - +0 shield
rNeg     + . .     Faith    .   s - +0 plate armour
rPois    ∞         Spirit   .   v - +0 helmet (curse)
rElec    +         Reflect  .   (no cloak)
rCorr    .         Harm     .   (no gloves)
MR       .....                  (no boots)
Stlth    ..........             (no amulet)
HPRegen  0.18/turn              o - ring of protection from cold
MPRegen  0.11/turn              D - ring of wizardry

@: no status effects
A: negative energy resistance 1, electricity resistance, unbreathing,
petrification resistance, rot immunity, AC +6
a: no special abilities


You were on level 5 of the Dungeon.
You were not hungry.

You visited 1 branch of the dungeon, and saw 5 of its levels.
You also visited: Sewer.

You collected 257 gold pieces.

Inventory:

Hand Weapons
 a - a +0 war axe (weapon)
 b - a +0 blowgun
Missiles
 l - 10 poisoned needles
Armour
 c - a +0 shield (worn)
 s - a +0 plate armour (worn)
 v - a cursed +0 helmet (worn)
Jewellery
 e - an uncursed amulet of magic regeneration {unknown}
 o - a ring of protection from cold (left hand)
 C - an uncursed ring of ice
 D - a ring of wizardry (right hand)
Wands
 t - a wand of polymorph (9)
 E - a wand of random effects (19)
Scrolls
 d - a scroll of fear {unknown}
 i - 6 scrolls of remove curse {unknown}
 k - 5 scrolls of immolation {unknown}
 n - 3 scrolls of amnesia {unknown}
 q - a scroll of fog {unknown}
 u - 4 scrolls of identify {unknown}
 x - 2 scrolls of magic mapping {unknown}
 y - a scroll of teleportation {unknown}
Potions
 g - 3 potions of ambrosia {unknown}
 h - 2 potions of brilliance {unknown}
 j - a potion of agility {unknown}
 m - 5 potions of heal wounds {unknown}
 p - a potion of might
 r - a potion of berserk rage {unknown}
 w - a potion of mutation {unknown}
 z - a potion of haste {unknown}
 A - a potion of degeneration {unknown}
 F - a potion of curing {unknown}
Comestibles
 f - 7 rations
 B - 2 chunks of flesh


   Skills:
 + Level 6.5 Fighting
 * Level 6.9 Axes
 + Level 6.6 Armour
 + Level 6.5 Shields


You had 8 spell levels left.
You didn't know any spells.

Dungeon Overview and Level Annotations

Branches:
Dungeon (5/15)
 Temple: D:4-7

Altars:


Innate Abilities, Weirdness & Mutations

You are resistant to torment.
Your stone body is resilient. (AC +6)
You are immune to poison.
You resist negative energy. (rN+)
You are resistant to electric shocks. (rElec)
You can survive without breathing.
You are immune to petrification.
You are immune to rotting.


Message History

The two-headed ogre is heavily wounded.
The two-headed ogre hits you with a giant club.
The two-headed ogre hits you but does no damage.
Your shield and plate armour prevent you from hitting the two-headed ogre.
The two-headed ogre is heavily wounded.
The two-headed ogre barely misses you.
The two-headed ogre hits you with a giant club!
You hit the two-headed ogre but do no damage.
The two-headed ogre is heavily wounded.
The two-headed ogre barely misses you.
The two-headed ogre hits you but does no damage.
You slash the two-headed ogre!
The two-headed ogre is severely wounded.
You block the two-headed ogre's attack.
The two-headed ogre hits you with a giant club!
* * * LOW HITPOINT WARNING * * *
You hit the two-headed ogre but do no damage.
The two-headed ogre is severely wounded.
The two-headed ogre hits you with a giant club!
You die...

#.#.#...#.#.#####.#..#...#...#...
>......................#...#...#.
)(#.###.#.#.#####.#..#...#...#...
..#.# #.#.#.# #.#....#...#...#.
..#.#####.#.#####.#..#...#...#...
..#.....#........<#.#..#...#...#.
..#####.#.#.#####.#......#...#.).
..........#.#####..........#...#.
.........(.((.(O@............#...
.........(..#####..............#.
.########...[.###.............#.#
...............##.......[.....###
.########.).(..##................
.# #......##............#### .#
######.##............# .#
#.##.......)....#### .#
#.##................


You could see a two-headed ogre.

Vanquished Creatures
  A troll (D:5)
  Sigmund (D:5)
  A basilisk (D:4)
  A naga (D:4)
  2 centaurs
  7 big kobolds (Sewer)
  A jelly (D:5)
  An orc priest (D:4)
  5 orc wizards
  A bullfrog skeleton (D:5)
  An iguana (D:4)
  3 worker ants
  15 adders
  4 river rats
  A shadow imp (D:5)
  7 oozes
  7 worms
  A dart slug (D:2)
  5 leopard geckos
  15 orcs
  4 ball pythons
  8 bats
  7 giant cockroaches
  3 goblins
  4 hobgoblins
  13 kobolds
  2 quokkas
  A frilled lizard (D:2)
  A leopard gecko skeleton (D:4)
  12 rats
135 creatures vanquished.

Notes
Turn   | Place    | Note
-------+----------+-------------------------------------------
     0 | D:1      | Laan the Gargoyle Fighter began the quest for the Orb.
     0 | D:1      | Reached XP level 1. HP: 14/14 MP: 1/1
   125 | D:1      | Reached XP level 2. HP: 14/19 MP: 2/2
   555 | D:2      | Reached XP level 3. HP: 23/23 MP: 3/3
   856 | D:2      | Reached XP level 4. HP: 25/29 MP: 4/4
  1235 | D:3      | Reached XP level 5. HP: 8/33 MP: 5/5
  2040 | D:4      | Reached XP level 6. HP: 22/39 MP: 6/6
  2134 | D:4      | Noticed a basilisk
  2134 | D:4      | an ogre changed into a basilisk
  2160 | D:4      | Killed a basilisk
  2222 | D:4      | Reached XP level 7. HP: 22/44 MP: 7/7
  2277 | D:4      | Noticed a naga
  2277 | D:4      | an ogre changed into a naga
  2289 | D:4      | Killed a naga
  2289 | D:4      | Reached skill level 5 in Armour
  2356 | D:4      | Found a glowing drain.
  2361 | Sewer    | Entered a sewer
  2475 | Sewer    | Reached skill level 5 in Fighting
  2475 | Sewer    | Reached skill level 5 in Shields
  2619 | Sewer    | Reached skill level 5 in Axes
  2792 | Sewer    | Reached XP level 8. HP: 49/49 MP: 8/8
  3634 | D:5      | Entered Level 5 of the Dungeon
  3635 | D:5      | Noticed a two-headed ogre
  3853 | D:5      | Noticed a troll
  3864 | D:5      | Killed a troll
  3864 | D:5      | Reached XP level 9. HP: 38/56 MP: 9/9
  3977 | D:5      | Noticed Sigmund
  3989 | D:5      | Killed Sigmund
  4874 | D:5      | Slain by a two-headed ogre

Vault maps used:
D:1:      lightli_arrival_lavapool, hangedman_decor_push
D:3:      wad_pebble_path, first_ration, st_stairs_13
D:4:      lightli_sewer_entry_pipes
D:5:      hex_large, uniq_sigmund
Sewer:    sewer_co_tree

Skill      XL: |  1  2  3  4  5  6  7  8 |
---------------+-------------------------+-----
Axes           | 2 3 4 5 6 |  6.9
Armour         | 4 5 6 |  6.6
Fighting       | 4 5 6 |  6.5
Shields        | 4 5 6 |  6.5

Action                   |  1- 3 |  4- 6 |  7- 9 || total
-------------------------+-------+-------+-------++-------
Melee: War axe           |   110 |   225 |   322 ||   657
 Fire: Blowgun           |       |       |    18 ||    18
Evoke: Wand              |       |     5 |     3 ||     8
  Use: Potion            |       |     1 |       ||     1
  Eat: Chunk             |       |     5 |     4 ||     9
       Ration            |       |       |     2 ||     2
Armor: Scale mail        |    77 |    54 |       ||   131
       Plate armour      |       |   105 |   190 ||   295
Dodge: Dodged            |    44 |    44 |    43 ||   131
Block: Shield            |    77 |   149 |   128 ||   354

Table legend:
 A = Spawn XP
 B = Non-spawn XP
 C = Spawn XP percentage of total XP
 D = Spawn monster count
 E = Non-spawn monster count
 F = Spawn count percentage of total count
 G = Total turns spent on level
                    A         B        C        D         E        F      G
               +---------+---------+-------+---------+---------+-------+---------
         Total |       0 |    2742 |   0.0 |       0 |     135 |   0.0 |  4874
               +---------+---------+-------+---------+---------+-------+---------
           D:1 |       0 |      31 |   0.0 |       0 |      16 |   0.0 |   516
           D:2 |       0 |      72 |   0.0 |       0 |      23 |   0.0 |   646
           D:3 |       0 |      99 |   0.0 |       0 |      24 |   0.0 |   758
           D:4 |       0 |     872 |   0.0 |       0 |      32 |   0.0 |  1344
           D:5 |       0 |     828 |   0.0 |       0 |      12 |   0.0 |   890
         Sewer |       0 |     840 |   0.0 |       0 |      28 |   0.0 |   720
               +---------+---------+-------+---------+---------+-------+---------
